 Dungeon Crawl Stone Soup version 0.29.1-1-gd02db6906a (webtiles) character file.

Game seed: 10764007585360560269

53 mortz the Conjurer (level 3, -2/26 HPs)
             Began as a Demigod Conjurer on Sept 17, 2022.
             Slain by a river rat (8 damage)
             ... on level 3 of the Dungeon.
             The game lasted 00:12:27 (2607 turns).

mortz the Conjurer (Demigod Conjurer)               Turns: 2607, Time: 00:12:28

Health: -2/26      AC:  3    Str:  8    XL:     3   Next: 42%
Magic:  5/8        EV: 12    Int: 24    God:
Gold:   107        SH:  0    Dex: 12    Spells: 3/6 levels left

rFire   . . .      SeeInvis .   t - +1 dagger (venom)
rCold   . . .      Faith    .   (no shield)
rNeg    . . .      Spirit   .   a - +0 robe
rPois   .          Reflect  .   (no helmet)
rElec   .          Harm     .   (no cloak)
rCorr   .          Rampage  .   s - +0 pair of gloves
Will    .....                   (no boots)
Stlth   +.........              (no amulet)
HPRegen 0.08/turn               (no ring)
MPRegen 0.11/turn               (no ring)

@: very slow
A: high MP 1, forlorn, divine attributes
a: no special abilities


You were on level 3 of the Dungeon.
You visited 1 branch of the dungeon, and saw 3 of its levels.

You collected 107 gold pieces.

Inventory:

Hand Weapons
 j - a +0 mace
 l - a +0 short sword
 o - a +0 dagger
 p - a +0 hand axe
 t - a +1 dagger of venom (weapon)
Missiles
 q - a throwing net
Armour
 a - a +0 robe (worn)
 g - a +0 leather armour
 s - a +0 pair of gloves (worn)
Magical Staves
 f - a staff of death
Scrolls
 h - a scroll of poison {unknown}
 n - a scroll of teleportation {unknown}
 r - a scroll of acquirement {unknown}
Potions
 b - a potion of magic
 c - a potion of mutation {unknown}
 d - 2 potions of brilliance
 e - a potion of might {unknown}
 i - a potion of lignification {unknown}
 k - a potion of berserk rage {unknown}
 m - 2 potions of heal wounds


   Skills:
 + Level 1.9 Dodging
 + Level 1.9 Stealth
 + Level 2.1 Spellcasting
 + Level 4.5 Conjurations


You had 3 spell levels left.
You knew the following spells:

 Your Spells              Type           Power      Damage    Failure   Level
a - Magic Dart            Conj           96%        1d7       1%          1
b - Searing Ray           Conj           48%        2d6       2%          2

Your spell library contained the following spells:

 Spells                   Type           Power      Damage    Failure   Level
 Apportation              Tloc           4%         N/A       12%         1
 Necrotise                Necr           8%         1d4       12%         1
 Summon Small Mammal      Summ           8%         N/A       12%         1
 Dazzling Flash           Conj/Hex       26%        N/A       14%         3
 Blink                    Tloc           4%         N/A       19%         2
 Fulminant Prism          Conj/Hex       6%         3d7       43%         4
 Iskenderun's Mystic Bla  Conj/Tloc      13%        2d5       43%         4
 Manifold Assault         Tloc           2%         N/A       97%         5
 Storm Form               Tmut/Air       1%         N/A       100%        7


Dungeon Overview and Level Annotations

Branches:
Dungeon (3/15) Zot: 15385

Shops:
D:1 *   D:2 (

Portals:
Sewer: D:3


Innate Abilities, Weirdness & Mutations

You have an increased reservoir of magic. (+10% MP)
You shall have no god before yourself.
Your divine heritage dramatically boosts your attributes as you level up.


Message History

A river rat and a worm come into view.
You are too injured to fight recklessly!
Aiming: Magic Dart (safe; 1% risk of failure)
Press: ? - help, Q - select action, (/) - cycle Shift-Dir - straight line, f - rat
Aim: a rat (100% to hit)
The magic dart hits the rat.
You kill the rat!
Aiming: Magic Dart (safe; 1% risk of failure)
Press: ? - help, Q - select action, (/) - cycle Shift-Dir - straight line, f - river rat
Aim: a river rat (100% to hit)
The magic dart hits the river rat but does no damage.
You hear the quick rusting of a drain very nearby.
You enter the shallow water.
Moving in this stuff is going to be slow.
You enter the shallow water.
Moving in this stuff is going to be slow.
You open the large door.
A river rat, a rat, a worm and a giant cockroach come into view.
The river rat closely misses you.
Found a glowing drain.
The river rat attacks as you move away! The river rat misses you.
The river rat closely misses you. The rat bites you but does no damage.
There is a large open door here.
You enter the shallow water.
Moving in this stuff is going to be slow.
The giant cockroach splashes around in the water.
The river rat barely misses you. The worm closely misses you.
The rat barely misses you.
Casting: Magic Dart (safe; 1% risk of failure)
Confirm with . or Enter, or press ? or * to list all spells.
Aiming: Searing Ray (safe; 2% risk of failure)
Press: ? - help, Shift-Dir - straight line, f - worm, p - river rat
Aim: a worm (93% to hit)
The searing ray hits the worm!
The worm is heavily wounded. (Press . to maintain the ray.)
The giant cockroach closely misses you. The river rat bites you!
* * * LOW HITPOINT WARNING * * *
The river rat bites you!
You die...

#.....#########
###.#.........#
#r##.....~..#
#.##...$.~~~#
#.##..†~~~~~
#......~#####
####.~~~#~~~#
#..w~rrw~#
#..~rr@B~#
##########


You could see 2 worms, 3 river rats, a giant cockroach and a rat.

Vanquished Creatures
  2 adders
  3 ball pythons
  An endoplasm (D:3)
  A giant cockroach (D:1)
  5 goblins
  3 hobgoblins
  4 jackals
  6 bats
  5 frilled lizards
  A kobold (D:2)
  5 rats
36 creatures vanquished.

Notes
Turn   | Place    | Note
-------+----------+-------------------------------------------
     0 | D:1      | mortz the Demigod Conjurer began the quest for the Orb.
     0 | D:1      | Reached XP level 1. HP: 14/14 MP: 5/5
   236 | D:1      | Found Quuxer's Assorted Antiques.
   481 | D:1      | Reached skill level 4 in Conjurations
   912 | D:2      | Found Riewa's Weapon Shop.
   948 | D:2      | Reached XP level 2. HP: 18/20 MP: 4/7
   951 | D:2      | Learned a level 2 spell: Searing Ray
  2113 | D:3      | Reached XP level 3. HP: 26/26 MP: 6/8
  2604 | D:3      | Found a glowing drain.
  2607 | D:3      | Slain by a river rat

Illustrated notes

Levels and vault maps discovered:
D:1:      dpeg_arrival_castle, layout_loops_ring, serial_shops,
          nicolae_shop_trees, hangedman_decor_push, hangedman_decor_riveting
D:2:      layout_basic, serial_shops, shop, kennysheep_pointless_box
D:3:      minmay_wonky_spiral, layout_basic, portal_sewer_entry_e,
          ebering_ecumenical_altar_box, ebering_dispersal_statue_hall

Skill      XL: |  1  2 |
---------------+-------+-----
Conjurations   | 4 |  4.5
Spellcasting   | 2 |  2.1
Dodging        | |  1.9
Stealth        | |  1.9

Action                   || total
-------------------------++-------
Melee: Dagger            ||     2
 Cast: Magic Dart        ||    47
       Searing Ray       ||     6
  Use: Scroll            ||     4
 Stab: Sleeping          ||     1
Armor: Robe              ||     4
Dodge: Dodged            ||    16
